 Dungeon Crawl Stone Soup version 0.29-a0-11-ga75d3d97ab (webtiles) character file.

Game seed: 9066320600582606638

89 Zonian the Magician (level 4, -7/31 HPs)
             Began as a Djinni Ice Elementalist on Jan 29, 2022.
             Mangled by a gnoll (13 damage)
             ... on level 3 of the Dungeon.
             The game lasted 00:04:46 (4139 turns).

Zonian the Magician (Djinni Ice Elementalist)       Turns: 4139, Time: 00:04:47

Health: -7/31      AC:  4    Str:  7    XL:     4   Next: 84%
Gold:   132        EV: 13    Int: 18    God:
                   SH:  0    Dex: 14

rFire   + + .      SeeInvis .   j - +0 whip
rCold   x . .      Faith    .   (no shield)
rNeg    . . .      Spirit   .   r - +2 robe {Will+}
rPois   ∞          Reflect  .   (no helmet)
rElec   .          Harm     .   (no cloak)
rCorr   .          Rampage  .   (no gloves)
Will    +....                   (boots unavailable)
Stlth   ++........              (no amulet)
HPRegen 0.10/turn               (no ring)
MPRegen 0.00/turn               (no ring)

@: flying
A: sickness immunity, fire resistance 2, cold vulnerability 1, float, innate
caster, hp casting, extra vitality 1
a: no special abilities


You were on level 3 of the Dungeon.
You visited 1 branch of the dungeon, and saw 3 of its levels.

You collected 132 gold pieces.

Inventory:

Hand Weapons
 j - a +0 whip (weapon)
 k - a +0 short sword
Missiles
 d - 20 sling bullets
 o - 4 poisoned darts
Armour
 a - a +1 robe
 r - a +2 robe of willpower (worn)
Magical Staves
 p - a staff of conjuration
Jewellery
 q - a ring of protection from fire
Wands
 l - a wand of mindburst (13)
Scrolls
 b - a scroll of fear {unknown}
 f - a scroll of identify
 h - a scroll of amnesia {unknown}
 n - a scroll of silence {unknown}
Potions
 c - a potion of brilliance {unknown}
 e - a potion of attraction {unknown}
 g - 2 potions of mutation
 i - a potion of curing {unknown}
 m - a potion of lignification {unknown}
 s - a potion of ambrosia {unknown}


   Skills:
 + Level 3.4 Dodging
 + Level 2.6 Stealth
 + Level 3.7 Spellcasting


You couldn't memorise any spells.
You knew the following spells:

 Your Spells              Type           Power      Damage    Failure   Level
a - Freeze                Ice            64%        1d8       3%          1
b - Frozen Ramparts       Ice            32%        1d5       10%         3
c - Ozocubu's Armour      Ice            16%        N/A       10%         3
d - Hailstorm             Conj/Ice       16%        3d6       32%         4
e - Slow                  Hex            64%        N/A       3%          1
Your spell library was empty.

Dungeon Overview and Level Annotations

Branches:
Dungeon (3/15)

Altars:

Shops:
D:3 :

Annotations:
D:3 1 transporter


Innate Abilities, Weirdness & Mutations

You are immune to sickness and miasma.
You are immune to poison.
Your flesh is very heat resistant. (rF++)
You are vulnerable to cold. (rC-)
You float through the air rather than walking.
You learn spells naturally, not from books.
Your magical power is your life essence.
You have superior vitality. (+4 MHP)


Message History

You hit the orc.
The orc is lightly wounded.
The orc hits you but does no damage.
You freeze the orc.
The orc is heavily wounded.
The orc hits you with a +0 club.
You freeze the orc.
The orc is severely wounded.
The orc hits you with a +0 club.
Unknown command.
You freeze the orc!
You kill the orc!
You can't see any susceptible monsters within range! (Use Z to cast anyway.) Unknown command.
You start resting.
A gnoll is nearby!
A gnoll is nearby!
Unknown command.
A gnoll comes into view. It is wielding a +0 whip.
Things that are here:
a +0 club; a scroll of enchant armour; 14 gold pieces A gnoll comes into view.
It is wielding a +0 halberd.
The gnoll shouts!
A gnoll comes into view. It is wielding a +0 club.
A gnoll comes into view. It is wielding a +0 flail.
The gnoll hits you with a +0 whip.
The gnoll moves out of view.
The gnoll shouts!
The gnoll hits you from afar with a +0 halberd.
The gnoll hits you with a +0 whip.
Unknown command.
As you read the scroll labelled JUSOBA JOIT, it crumbles to dust.
It is a scroll of identify.
g - 2 potions of mutation The gnoll misses you. x2 2 endoplasms come into view.
The gnoll hits you with a +0 halberd!
* * * LOW HITPOINT WARNING * * *
The gnoll shouts!
The gnoll hits you from afar with a +0 halberd!
You die...

#..#.........#..# #.
#..#........©#..# #.
#..##8.$r..8##..####.
#.J.#########.......#
#.......©..)....###.#
#...g.........####.#
##gg###.#########...
#...g..# #..<.
#.@##### ##... #K.#
##.. ..... ...#
.8...8.. ..###
..........# ##.
.8...8....# #
.......J..#
...8...8..#


You could see 4 gnolls, 2 endoplasms and a kobold (wandering).

Vanquished Creatures
  Jessica (D:3)
  An adder (D:2)
  A worm (D:2)
  2 dart slugs (D:1)
  An orc (D:3)
  A bat (D:2)
  3 endoplasms
  3 giant cockroaches
  2 goblins (D:2)
  A hobgoblin (D:2)
  4 jackals
  A quokka (D:2)
  6 ball pythons
  7 frilled lizards
  6 kobolds
  8 rats
48 creatures vanquished.

Notes
Turn   | Place    | Note
-------+----------+-------------------------------------------
     0 | D:1      | Zonian the Djinni Ice Elementalist began the quest for the
                  | Orb.
     0 | D:1      | Reached XP level 1. HP: 15/15 MP: 0/0
    29 | D:1      | You are sucked into a shaft and drop 1 floor!
   636 | D:1      | Reached XP level 2. HP: 19/21 MP: 0/0
  1105 | D:1      | Found a faded altar of an unknown god.
  1313 | D:1      | Reached XP level 3. HP: 21/25 MP: 0/0
  1313 | D:1      | Learned a level 1 spell: Slow
  2879 | D:2      | Reached XP level 4. HP: 25/31 MP: 0/0
  3907 | D:3      | Noticed Jessica
  3916 | D:3      | Killed Jessica
  4046 | D:3      | Found Wehirik's Book Shop.
  4106 | D:3      | Found a transporter.
  4139 | D:3      | Mangled by a gnoll

Illustrated notes

Levels and vault maps discovered:
D:1:      matt_arrival_los_fun, layout_loops_ring,
          chequers_ecumenical_altar_twisty
D:2:      layout_rooms
D:3:      layout_loops_ring, serial_shops, shop, gammafunk_ghost_arena,
          minmay_misc_feat_columns, minmay_misc_feat_square, corner_web_ring,
          kennysheep_crisscross, uniq_terence, uniq_ijyb, uniq_jessica

Skill      XL: |  1  2  3 |
---------------+----------+-----
Stealth        | 2 |  2.6
Dodging        | 3 |  3.4
Spellcasting   | |  3.7

Action                   |  1- 3 |  4- 6 || total
-------------------------+-------+-------++-------
Melee: Unarmed           |     4 |       ||     4
       Whip              |    26 |     8 ||    34
       Punch             |     1 |       ||     1
 Cast: Freeze            |    51 |    15 ||    66
  Use: Scroll            |       |     2 ||     2
 Stab: Sleeping          |     2 |     1 ||     3
Armor: Robe              |     6 |     1 ||     7
Dodge: Dodged            |    38 |    14 ||    52

Table legend: (Time is in decaauts)
 A = Elapsed time spent in this place.
 B = Non-inter-level travel time spent in this place.
 C = Inter-level travel time spent in this place.
 D = Time resting spent in this place.
 E = Time spent auto-exploring this place.
 F = Levels seen in this place.
 G = Mean time per level.
                   A        B        C        D        E       F      G
               +--------+--------+--------+--------+--------+-----+--------+
         Total |   4147 |   4053 |     94 |   1784 |   1728 |   3 | 1382.3 |
       Dungeon |   4147 |   4053 |     94 |   1784 |   1728 |   3 | 1382.3 |
               +--------+--------+--------+--------+--------+-----+--------+

Top non-repeatable levels by time:
     D:2: 2028 daAuts
     D:1: 1833 daAuts
     D:3: 285 daAuts
